AoeStats
← Alerius

Arabian Desert

510460384Analyzed
1v1 RM · 2d ago on Oct 1, 2026· 45m 43s· 2 players
Game mode
Random Map
Map size
Tiny (2 player)
Population
200
Speed
Normal
Resources
Standard
Victory
Conquest
Starting age
Dark Age
Ending age
Imperial Age
RankedLock teamsTeams togetherTeam positionsShared explorationLock speedFull tech treeHidden civsTurbo modeCheats
Victory
Defeat
🇲🇽 Italians · Mexico
919
+16
🇺🇸 Italians · United States
916
-34
Alerius
7:54 Loom
10:09 Feudal Age
10:53 Double-Bit Axe
12:43 Horse Collar
19:27 Fletching
20:42 Padded Archer Armor
21:31 Gold Mining
24:00 Castle Age
22:36 Forging
24:12 Crossbowman
25:01 Bodkin Arrow
25:45 Stone Mining
29:12 Leather Archer Armor
38:41 Bow Saw
39:25 Redemption
42:57 Imperial Age
41:00 Town Watch
43:15 Wheelbarrow
44:40 Iron Casting
45:06 Scale Barding Armor
Ehēcatl Kaan éekꞌ
2:36 Loom
10:44 Feudal Age
11:45 Double-Bit Axe
13:53 Bloodlines
19:35 Horse Collar
27:33 Castle Age
28:39 Thumb Ring
27:57 Elite Skirmisher
30:44 Padded Archer Armor
33:15 Fletching
33:42 Leather Archer Armor
39:23 Imperial Age
44:12 Husbandry
Connection lost

Rejoining the realm…

Still unreachable

The connection could not be restored.

Session expired

The server has moved on; the page needs a fresh start.